[Event "Titled Tuesday Blitz March 08 Early 2022"]
[White "Dolzhykova, Kateryna"]
[Black "Mirzoev, Azer"]
[WhiteFideId "14113414"]
[BlackFideId "13400304"]
[WhiteElo "2184"]
[BlackElo "2525"]
[Result "0-1"]
[Round "03"]
[TimeControl "180+1"]
[Date "2022.03.09"]
[WhiteClock "0:00:06"]
[BlackClock "0:00:18"]

1. Nf3 c5 2. e4 d6 3. Bb5+ Nd7 4. O-O Nf6 5. Re1 a6 6. Bf1 b5 7. c3 Bb7 8. d3 e6 9. h3 Be7 10. Be3 O-O 11. Nbd2 h6 12. Rc1 Rc8 13. g3 Qa5 14. a3 Rfe8 15. Bg2 Qc7 16. Nh2 d5 17. Qe2 c4 18. d4 dxe4 19. Bf4 Qc6 20. Nxe4 Nxe4 21. Bxe4 Qxe4 22. Qxe4 Bxe4 23. Rxe4 Nf6 24. Re2 Nd5 25. Bd2 Bd6 26. Nf1 f6 27. Ne3 Nb6 28. Rce1 Kf7 29. Ng2 Na4 30. Bf4 Bf8 31. g4 g5 32. Bg3 Rcd8 33. f4 Bg7 34. h4 gxf4 35. Nxf4 e5 36. Nh5 Bh8 37. dxe5 fxe5 38. Rf1+ Kg6 39. Kg2 e4 40. Nf4+ Kh7 41. h5 e3 42. Ng6 Bg7 43. Rf7 Rd2 44. Kf3 Kg8 45. Ra7 Rxe2 46. Kxe2 Nxb2 47. Ne7+ Kh8 48. Nf5 Bf8 49. Bd6 Na4 50. Bxf8 Nxc3+ 51. Ke1 Rxf8 52. Ne7 Rf2 53. Nf5 Rf3 54. Ne7 e2 55. Ng6+ Kg8 56. Ra8+ Kg7 57. Ra7+ Kf6 58. Rxa6+ Kg5 59. Re6 Rf1+ 60. Kd2 Rd1+ 61. Kxc3 e1=Q+ 62. Rxe1 Rxe1 63. Kb4 Rb1+ 64. Kc3 Rb3+ 65. Kd4 Rxa3 0-1


[Site "https://www.chess.com"]

[Event "Titled Tuesday Blitz March 08 Early 2022"]
[White "Domingo Nunez, Alejandro"]
[Black "Bachmann, Axel"]
[WhiteFideId "22245561"]
[BlackFideId "3700488"]
[WhiteElo "2578"]
[BlackElo "2808"]
[Result "0-1"]
[Round "03"]
[TimeControl "180+1"]
[Date "2022.03.09"]
[WhiteClock "0:00:06"]
[BlackClock "0:00:15"]

1. Nf3 Nf6 2. c4 b6 3. Nc3 Bb7 4. g3 g6 5. Bg2 Bg7 6. O-O O-O 7. d4 Ne4 8. Nxe4 Bxe4 9. d5 c5 10. Qb3 d6 11. Bh3 Bxf3 12. Qxf3 Nd7 13. e4 b5 14. cxb5 a6 15. bxa6 Rxa6 16. Qe2 Ra7 17. Be3 Nb6 18. a3 Na4 19. Rab1 Rb7 20. Qa6 Qa8 21. Qc6 Rxb2 22. Bg5 Rxb1 23. Rxb1 Nc3 24. Re1 Qa7 25. Bd7 Rd8 26. Bxe7 Qxd7 27. Bxd8 Qxd8 28. f4 Bd4+ 29. Kg2 Qb8 30. e5 dxe5 31. d6 e4 32. d7 Qd8 33. a4 Kg7 34. Qc8 Bf6 35. Qxd8 Bxd8 36. Rc1 Nxa4 37. Rc4 Nb6 38. Rxc5 Kf6 39. Rc6+ Ke7 40. f5 Kxd7 41. fxg6 hxg6 42. Rc5 Kd6 43. Rb5 Nd5 44. Kf2 f5 45. Rb8 Bc7 46. Rg8 Ne7 47. Rg7 Ke6 48. Ke2 Be5 49. Rh7 Nd5 50. h4 Bxg3 51. h5 Nf4+ 52. Kf1 Nxh5 53. Rxh5 gxh5 0-1


[Site "https://www.chess.com"]

[Event "Titled Tuesday Blitz March 08 Early 2022"]
[White "Donchenko, Alexander"]
[Black "Seemann, Jakub"]
[WhiteFideId "24603295"]
[BlackFideId "21874697"]
[WhiteElo "2747"]
[BlackElo "2532"]
[Result "1-0"]
[Round "03"]
[TimeControl "180+1"]
[Date "2022.03.09"]
[WhiteClock "0:00:30"]
[BlackClock "0:00:02"]

1. e4 c5 2. Nf3 d6 3. d4 cxd4 4. Nxd4 Nf6 5. Nc3 a6 6. h3 e5 7. Nde2 h5 8. Bg5 Be6 9. Bxf6 Qxf6 10. Nd5 Qd8 11. Nec3 Nd7 12. Bc4 g6 13. Qf3 b5 14. Bb3 Bh6 15. g4 h4 16. Ne3 O-O 17. Ncd5 Bg5 18. Rg1 Nc5 19. a3 Rc8 20. Ba2 a5 21. b4 axb4 22. axb4 Na4 23. Bb3 Nc3 24. Kf1 Kg7 25. Kg2 Bxe3 26. Qxe3 Bxd5 27. exd5 Qe7 28. Ra7 Rc7 29. Rxc7 Qxc7 30. Ra1 Rc8 31. Ra6 Qd7 32. Qg5 Qd8 33. Qe3 Qd7 34. Qb6 Ne4 35. Ra7 Qd8 36. Qe3 Nc3 37. Rb7 Qf6 38. Rb6 Nd1 39. Qd2 Nc3 40. Rc6 Ne4 41. Qe3 Rxc6 42. dxc6 d5 43. Bxd5 Nd6 44. Qc5 Qe7 45. c7 Kf6 46. c8=Q Nxc8 47. Qxc8 Qxb4 48. Qh8+ Ke7 49. Qxe5+ Kf8 50. Qf6 Qc5 51. Qxf7# 1-0


[Site "https://www.chess.com"]

[Event "Titled Tuesday Blitz March 08 Early 2022"]
[White "Dushyant Sharma"]
[Black "Rozman, Levy"]
[WhiteFideId "25065130"]
[BlackFideId "2039877"]
[WhiteElo "2105"]
[BlackElo "2376"]
[Result "1-0"]
[Round "03"]
[TimeControl "180+1"]
[Date "2022.03.09"]
[WhiteClock "0:00:50"]
[BlackClock "0:00:48"]

1. e4 d5 2. exd5 Nf6 3. Nc3 Nxd5 4. Bc4 Be6 5. Qf3 c6 6. Nge2 Nd7 7. Nxd5 Ne5 8. Qf4 Bxd5 9. Qxe5 Bxc4 10. d3 f6 11. Qg3 Bf7 12. Be3 g6 13. O-O Bg7 14. f4 Qc7 15. Rae1 O-O 16. h4 h5 17. f5 Qxg3 18. Nxg3 Rfe8 19. Bc5 Bf8 20. fxg6 Bxg6 21. Nf5 Bxf5 22. Rxf5 e6 23. Rxh5 e5 24. Bxf8 Rxf8 25. Re3 Kf7 26. Rh7+ 1-0


[Site "https://www.chess.com"]

[Event "Titled Tuesday Blitz March 08 Early 2022"]
[White "Estrada Nieto, Julian"]
[Black "Sonis, Francesco"]
[WhiteFideId "5101018"]
[BlackFideId "895733"]
[WhiteElo "2246"]
[BlackElo "2373"]
[Result "0-1"]
[Round "03"]
[TimeControl "180+1"]
[Date "2022.03.09"]
[WhiteClock "0:00:57"]
[BlackClock "0:01:34"]

1. e4 c6 2. d4 d5 3. exd5 cxd5 4. Bd3 Nc6 5. c3 g6 6. Nf3 Nh6 7. O-O Bg7 8. Re1 O-O 9. Bf4 f6 10. c4 Bg4 11. cxd5 Nxd4 12. Nbd2 Nf7 13. h3 Bxf3 14. Nxf3 Qxd5 15. Rxe7 Rad8 16. Bc7 Nxf3+ 17. Qxf3 Qxf3 18. gxf3 Rxd3 19. Ba5 b6 20. Bc3 a5 21. Kg2 Ne5 22. Rb7 Nxf3 23. Rxb6 f5 24. Kf1 Bxc3 25. Ke2 Bd4 26. Rd6 Ne5 27. f4 Re3+ 28. Kd1 Nf3 0-1


[Site "https://www.chess.com"]

[Event "Titled Tuesday Blitz March 08 Early 2022"]
[White "Fier, Alexandr"]
[Black "Budrewicz, Krzysztof"]
[WhiteFideId "2107139"]
[BlackFideId "1127950"]
[WhiteElo "2571"]
[BlackElo "2248"]
[Result "1-0"]
[Round "03"]
[TimeControl "180+1"]
[Date "2022.03.08"]
[WhiteClock "0:00:28"]
[BlackClock "0:00:01"]

1. b3 Nf6 2. Bb2 g6 3. f4 Bg7 4. Nf3 O-O 5. e3 c5 6. Be2 Nc6 7. O-O d5 8. d3 d4 9. e4 Ng4 10. Bc1 Ne3 11. Bxe3 dxe3 12. c3 e5 13. fxe5 Nxe5 14. Qc2 b5 15. a3 h5 16. b4 cxb4 17. axb4 Nxf3+ 18. Bxf3 Be6 19. d4 e2 20. Bxe2 Bxd4+ 21. Kh1 Be5 22. Nd2 Qc7 23. Ra3 Bxh2 24. Nf3 Bg3 25. Bxb5 Rfd8 26. c4 Qe7 27. c5 Rd4 28. Rb1 Rad8 29. Kg1 Bg4 30. Nxd4 Qh4 31. Rxg3 Qxg3 32. Nc6 Re8 33. Qf2 Qc3 34. e5 Re6 35. Nd8 Re7 36. Rf1 Bf5 37. Nc6 Rd7 38. Qf3 Qb2 39. Rd1 Rxd1+ 40. Qxd1 Be4 41. Qd8+ Kh7 42. Qg5 Qb1+ 43. Kh2 Qe1 44. Nd8 Qxb4 45. Bc6 1-0


[Site "https://www.chess.com"]

[Event "Titled Tuesday Blitz March 08 Early 2022"]
[White "Fiorito, Fabian"]
[Black "Perez Gormaz, Matias"]
[WhiteFideId "100200"]
[BlackFideId "3406342"]
[WhiteElo "2395"]
[BlackElo "2327"]
[Result "1-0"]
[Round "03"]
[TimeControl "180+1"]
[Date "2022.03.09"]
[WhiteClock "0:00:17"]
[BlackClock "0:00:02"]

1. d4 d5 2. Nc3 Nf6 3. Bf4 c6 4. e3 Bf5 5. f3 h5 6. Qd2 e6 7. O-O-O Nbd7 8. Nge2 Bb4 9. a3 Ba5 10. Ng3 Bg6 11. Bd3 Bxd3 12. Qxd3 h4 13. Nge2 Nh5 14. e4 Nxf4 15. Nxf4 Qg5 16. Ne2 O-O-O 17. Kb1 dxe4 18. fxe4 Bc7 19. Nh3 Qg4 20. Qf3 Nf6 21. e5 Qxf3 22. gxf3 Nd5 23. Rhg1 g6 24. Rd3 Rdf8 25. c4 Ne7 26. Nc3 Rd8 27. Ng5 Rhf8 28. Nh7 Rh8 29. Ng5 Rhf8 30. f4 Nf5 31. Rgd1 Rd7 32. d5 cxd5 33. cxd5 Bd8 34. Nge4 b6 35. Rc1 Kb7 36. d6 f6 37. Na4 Rg7 38. Nac5+ bxc5 39. Nxc5+ Ka8 40. Nxe6 Rgg8 41. Nxf8 Rxf8 42. e6 Bb6 43. e7 Re8 44. Rb3 Nxe7 45. Re1 1-0


[Site "https://www.chess.com"]

[Event "Titled Tuesday Blitz March 08 Early 2022"]
[White "Funderburg, John T"]
[Black "Gatterer, Florian"]
[WhiteFideId "2004992"]
[BlackFideId "811688"]
[WhiteElo "2021"]
[BlackElo "2218"]
[Result "1-0"]
[Round "03"]
[TimeControl "180+1"]
[Date "2022.03.09"]
[WhiteClock "0:00:07"]
[BlackClock "0:00:01"]

1. e4 c5 2. Ne2 e6 3. d4 cxd4 4. Nxd4 Nc6 5. Nc3 Qc7 6. Be3 a6 7. Bd3 Nf6 8. Nxc6 bxc6 9. O-O d5 10. f4 Bb4 11. e5 Nd7 12. Na4 g6 13. c3 Be7 14. c4 Bb7 15. Rc1 O-O 16. Qc2 dxc4 17. Qxc4 c5 18. Be4 Bxe4 19. Qxe4 Rab8 20. b3 Rfc8 21. Rfd1 Rb4 22. Qd3 Rd8 23. Qxa6 c4 24. Rxc4 Rxc4 25. Qxc4 Qb7 26. Nc5 Nxc5 27. Rxd8+ Bxd8 28. Bxc5 Qd7 29. Qc2 Ba5 30. b4 Bc7 31. h3 h5 32. Kh2 Qd5 33. Qf2 Bd8 34. b5 Qc4 35. b6 Qb5 36. a4 Qxa4 37. b7 Qb5 38. Bb6 Bxb6 39. b8=Q+ Kh7 40. Qbxb6 Qd5 41. Qbd4 1-0


[Site "https://www.chess.com"]

[Event "Titled Tuesday Blitz March 08 Early 2022"]
[White "Gabdrakhmanov, Azat"]
[Black "Decuigniere, Tom"]
[WhiteFideId "34189197"]
[BlackFideId "26093820"]
[WhiteElo "2279"]
[BlackElo "1997"]
[Result "1-0"]
[Round "03"]
[TimeControl "180+1"]
[Date "2022.03.09"]
[WhiteClock "0:00:08"]
[BlackClock "0:00:02"]

1. e4 c5 2. Nf3 d6 3. d4 cxd4 4. Nxd4 Nf6 5. Nc3 a6 6. Be3 e6 7. f3 b5 8. g4 Bb7 9. Qd2 Nfd7 10. Qf2 Qc7 11. O-O-O b4 12. Nce2 Ne5 13. Kb1 Nbd7 14. Nf4 Nc4 15. Bc1 e5 16. Nf5 exf4 17. Bxc4 Qxc4 18. Rxd6 g6 19. Rhd1 Rd8 20. R6d4 Qc7 21. Nd6+ Bxd6 22. Rxd6 g5 23. Qd4 f6 24. e5 fxe5 25. Qxb4 O-O 26. Qb3+ Kh8 27. Qe6 Rf6 28. Qe7 Rxd6 29. Rxd6 Qxd6 30. Qxd6 1-0


[Site "https://www.chess.com"]

[Event "Titled Tuesday Blitz March 08 Early 2022"]
[White "Gabrielian, Artur"]
[Black "Sarkar, Justin"]
[WhiteFideId "4131002"]
[BlackFideId "2010011"]
[WhiteElo "2440"]
[BlackElo "2038"]
[Result "1-0"]
[Round "03"]
[TimeControl "180+1"]
[Date "2022.03.08"]
[WhiteClock "0:01:41"]
[BlackClock "0:00:07"]

1. e4 e5 2. Nc3 Nf6 3. g3 c6 4. d4 exd4 5. Qxd4 d5 6. exd5 cxd5 7. Bg5 Be7 8. Bb5+ Nc6 9. Qa4 O-O 10. Nge2 h6 11. Bxf6 Bxf6 12. O-O-O Be6 13. Rhe1 Qb6 14. Bxc6 bxc6 15. Nd4 Rab8 16. Nb3 Bxc3 17. bxc3 Qxf2 18. Qf4 Qxf4+ 19. gxf4 Bg4 20. Rd4 Rfe8 21. Rg1 Bf5 22. Ra4 Re7 23. Nd4 1-0


[Site "https://www.chess.com"]

[Event "Titled Tuesday Blitz March 08 Early 2022"]
[White "Gaehwiler, Gabriel"]
[Black "Ljukin, Sergei"]
[WhiteFideId "1314530"]
[BlackFideId "14102200"]
[WhiteElo "2383"]
[BlackElo "2312"]
[Result "1-0"]
[Round "03"]
[TimeControl "180+1"]
[Date "2022.03.09"]
[WhiteClock "0:00:45"]
[BlackClock "0:00:06"]

1. Nf3 d5 2. d4 Nf6 3. c4 c6 4. Nc3 dxc4 5. a4 Bf5 6. Ne5 Na6 7. f3 Nd7 8. Nxc4 e5 9. e4 exd4 10. Qxd4 Nb4 11. Nd6+ Bxd6 12. Qxd6 Nc2+ 13. Kf2 Qb6+ 14. Kg3 Nxa1 15. exf5 Qc5 16. Bf4 Qxd6 17. Bxd6 Nb6 18. Bd3 Nb3 19. f6 gxf6 20. Bf5 Nd4 21. Re1+ Ne6 22. Ne4 O-O-O 23. Be7 Rd7 24. Bxf6 Rg8+ 25. Kf2 Nd5 26. Be5 Nb4 27. Nd6+ Kd8 28. Kf1 Nd5 29. Nxf7+ Rxf7 30. Bxe6 Rff8 31. Bxg8 Rxg8 32. g4 Kd7 33. Kf2 a5 34. h4 b5 35. g5 bxa4 36. Ra1 Rb8 37. Rxa4 Rb5 38. f4 Ke6 39. Kf3 Kf5 40. h5 Rb3+ 41. Ke2 Rb5 42. g6 hxg6 43. h6 Rb7 44. Bg7 Nf6 45. Rxa5+ Ke6 46. Ra6 Rxb2+ 47. Kd3 Nh7 48. Rxc6+ Kf5 49. Bxb2 1-0


[Site "https://www.chess.com"]

[Event "Titled Tuesday Blitz March 08 Early 2022"]
[White "Garriga Cazorla, Pere"]
[Black "Chernomordik, Pavel"]
[WhiteFideId "32011601"]
[BlackFideId "2804530"]
[WhiteElo "2458"]
[BlackElo "2249"]
[Result "0-1"]
[Round "03"]
[TimeControl "180+1"]
[Date "2022.03.09"]
[WhiteClock "0:00:49"]
[BlackClock "0:00:16"]

1. d4 g6 2. c4 Bg7 3. Nc3 d6 4. e4 c6 5. Nge2 a6 6. a4 a5 7. h4 h6 8. Be3 Na6 9. Qd2 Nb4 10. Rc1 Nf6 11. f3 Nd7 12. h5 g5 13. Ng3 e6 14. Be2 b6 15. O-O Ba6 16. f4 gxf4 17. Bxf4 Qe7 18. b3 O-O-O 19. Nb5 Bxb5 20. cxb5 c5 21. Bf3 Kb8 22. Be3 Ka7 23. Ne2 Rc8 24. Rfd1 Rhd8 25. Bg4 Nf6 26. Bf3 Nd7 27. Rc4 e5 28. d5 Nf6 29. Ng3 Bf8 30. Nf5 Qd7 31. Bxh6 Bxh6 32. Qxh6 Ng8 33. Bg4 Nxh6 34. Nxh6 Qe7 35. Bxc8 Rxc8 36. Nf5 Qg5 37. Nxd6 Rg8 38. Rd2 Qxd2 0-1


[Site "https://www.chess.com"]

[Event "Titled Tuesday Blitz March 08 Early 2022"]
[White "Garv Gaur"]
[Black "Ambartsumova, Karina"]
[WhiteFideId "45030839"]
[BlackFideId "4166299"]
[WhiteElo "1950"]
[BlackElo "2262"]
[Result "0-1"]
[Round "03"]
[TimeControl "180+1"]
[Date "2022.03.09"]
[WhiteClock "0:00:06"]
[BlackClock "0:00:04"]

1. Nf3 Nf6 2. d4 g6 3. c4 Bg7 4. g3 O-O 5. Bg2 d6 6. O-O c6 7. Nc3 Bf5 8. Ne1 Be6 9. b3 d5 10. cxd5 cxd5 11. Nd3 Nc6 12. e3 Bg4 13. Qd2 Bf5 14. Nc5 b6 15. Nd3 Rc8 16. Bb2 Ne4 17. Nxe4 dxe4 18. Ne1 Qd5 19. f3 e5 20. g4 exf3 21. Bxf3 Be4 22. Bxe4 Qxe4 23. d5 Rcd8 24. Rd1 Qxg4+ 25. Ng2 Ne7 26. d6 Nf5 27. d7 Nh4 28. Qf2 Rxd7 29. Qxh4 Qxd1 30. Rxd1 Rxd1+ 31. Ne1 Rc8 32. Kf2 Rd2+ 33. Kf3 Rxb2 34. Nd3 Rd2 35. Nb4 a5 36. Qe1 Rdd8 37. Na6 Rd7 38. Qe2 Re8 39. b4 e4+ 40. Kg3 Be5+ 41. Kg4 h5+ 42. Kg5 Kg7 43. Qb5 Bf6+ 44. Kf4 Rde7 45. bxa5 Re5 46. Qxb6 Rf5+ 47. Kg3 Rf3+ 48. Kg2 Rd8 49. Nb4 Rd2+ 50. Kg1 Rd1+ 51. Kg2 Rd2+ 52. Kg1 Bh4 53. Qc5 Bf2+ 54. Kh1 Rd1+ 55. Kg2 Rg1# 0-1


[Site "https://www.chess.com"]

[Event "Titled Tuesday Blitz March 08 Early 2022"]
[White "Gedgafov, Chamal"]
[Black "Ismayil, Malak"]
[WhiteFideId "34130621"]
[BlackFideId "13412604"]
[WhiteElo "2030"]
[BlackElo "1879"]
[Result "0-1"]
[Round "03"]
[TimeControl "180+1"]
[Date "2022.03.09"]
[WhiteClock "0:01:15"]
[BlackClock "0:01:44"]

1. d4 Nf6 2. c4 e6 3. Nc3 Bb4 4. e3 O-O 5. Bd3 b6 6. Ne2 Bb7 7. O-O Bxc3 8. Nxc3 d6 9. e4 Nbd7 10. Bg5 h6 11. Bh4 Qe8 12. Re1 e5 13. d5 Nh7 14. Qd2 Nc5 15. b4 Nxd3 16. Qxd3 Qd7 17. h3 f5 18. exf5 Rxf5 19. Ne4 Raf8 20. f3 Qf7 21. Rad1 g5 22. Bg3 Qg6 23. c5 h5 24. cxd6 cxd6 25. h4 gxh4 26. Bxh4 Rxf3 27. Qe2 R3f4 28. g3 Rxh4 0-1


[Site "https://www.chess.com"]

[Event "Titled Tuesday Blitz March 08 Early 2022"]
[White "Gheorghiu, Calin"]
[Black "Lauridsen, Jesper Morch"]
[WhiteFideId "1200305"]
[BlackFideId "1401890"]
[WhiteElo "2168"]
[BlackElo "2269"]
[Result "1-0"]
[Round "03"]
[TimeControl "180+1"]
[Date "2022.03.09"]
[WhiteClock "0:01:03"]
[BlackClock "0:00:03"]

1. e4 c5 2. Nf3 Nc6 3. h4 e6 4. Bb5 Nd4 5. Nxd4 cxd4 6. h5 Qg5 7. Bf1 d3 8. cxd3 Ne7 9. d4 Nc6 10. d3 Qf6 11. e5 Qd8 12. Be3 Qb6 13. Nd2 Nxd4 14. Rh4 Bc5 15. b4 Qxb4 16. Rb1 Qc3 17. Rc1 Qa3 18. Rxc5 Qxc5 19. Bxd4 Qb4 20. Be2 d6 21. Rg4 O-O 22. Kf1 f5 23. exf6 e5 24. Rxg7+ Kh8 25. Be3 Rxf6 26. Rc7 Be6 27. Ne4 Rf5 28. Bg4 Raf8 29. Bxf5 Bxf5 30. Kg1 Qa5 31. Rxb7 d5 32. Rxa7 Qb4 33. Bc5 Qb5 34. Bxf8 dxe4 35. dxe4 Bxe4 36. Bg7+ Kg8 37. Qd8+ Qe8 38. Qxe8# 1-0


[Site "https://www.chess.com"]

[Event "Titled Tuesday Blitz March 08 Early 2022"]
[White "Gombocz, Ferenc Jr."]
[Black "Bethke, Richard"]
[WhiteFideId "775029"]
[BlackFideId "12959243"]
[WhiteElo "1913"]
[BlackElo "2515"]
[Result "0-1"]
[Round "03"]
[TimeControl "180+1"]
[Date "2022.03.09"]
[WhiteClock "0:00:02"]
[BlackClock "0:00:04"]

1. c4 Nf6 2. g3 e6 3. Bg2 d5 4. Nf3 dxc4 5. Qa4+ Bd7 6. Qxc4 c5 7. Qc2 Bc6 8. O-O Be7 9. b3 O-O 10. Bb2 Nbd7 11. Nc3 Rc8 12. Rfd1 Qc7 13. Rac1 Rfd8 14. e4 Bf8 15. d4 cxd4 16. Nxd4 Qb8 17. Nxc6 Rxc6 18. e5 Nxe5 19. Rxd8 Qxd8 20. Bxc6 bxc6 21. Rd1 Qa5 22. Ne2 h5 23. Bc3 Qc5 24. b4 Qc4 25. a3 h4 26. Kg2 Ng6 27. Rd4 Qb5 28. Rd8 Qh5 29. Bxf6 gxf6 30. Qe4 h3+ 31. Kf1 Qg5 32. Nf4 Qb5+ 33. Ke1 f5 34. Qd4 e5 35. Qd3 exf4 36. Qxb5 cxb5 37. Ra8 fxg3 38. fxg3 f4 39. gxf4 Nxf4 40. Rxa7 Ne6 41. Rb7 Nd4 42. Kf2 Bd6 43. Rd7 Be5 44. Rd5 f6 45. Ke3 Nc2+ 46. Kf3 Nxa3 47. Kg4 Bxh2 48. Kxh3 Be5 49. Rd8+ Kf7 50. Ra8 Nc4 51. Kg4 Ke6 52. Kf3 Kd5 53. Rd8+ Nd6 54. Ke3 Kc4 55. Rb8 Kxb4 56. Rf8 Kc5 57. Kd3 b4 58. Kc2 Kd4 59. Kb3 Kc5 0-1


[Site "https://www.chess.com"]

[Event "Titled Tuesday Blitz March 08 Early 2022"]
[White "Goryachkina, Aleksandra"]
[Black "Toncheva, Nadya"]
[WhiteFideId "4147103"]
[BlackFideId "2924056"]
[WhiteElo "2426"]
[BlackElo "1884"]
[Result "1/2-1/2"]
[Round "03"]
[TimeControl "180+1"]
[Date "2022.03.09"]
[WhiteClock "0:00:06"]
[BlackClock "0:00:09"]

1. e4 c5 2. Nf3 d6 3. c3 Nf6 4. Be2 Nc6 5. d4 cxd4 6. cxd4 Bg4 7. Nc3 g6 8. O-O Bg7 9. d5 Bxf3 10. Bxf3 Ne5 11. Be2 O-O 12. Be3 a6 13. a4 Rc8 14. Qb3 Qc7 15. Rfc1 Qb8 16. a5 Ned7 17. f3 Nc5 18. Qa3 h5 19. Na4 Nfd7 20. Nxc5 Nxc5 21. Rc2 Rc7 22. Rac1 Rfc8 23. b4 Nd7 24. Qb3 h4 25. h3 Rxc2 26. Rxc2 Rc7 27. b5 axb5 28. Bxb5 Nc5 29. Qb1 Qa7 30. Qb4 b6 31. a6 Nxa6 32. Rxc7 Nxc7 33. Qc4 Nxb5 34. Qxb5 Qa1+ 35. Kf2 Be5 36. Qxb6 Bg3+ 37. Ke2 Qe1+ 38. Kd3 Qf1+ 39. Kc2 Qxg2+ 40. Kd3 Qxf3 41. Qd8+ Kg7 42. Qxe7 Qf6 43. Bd4 Be5 44. Bxe5 Qxe5 45. Qxe5+ dxe5 46. Kc4 Kf6 47. Kc5 Ke7 48. Kc6 Kd8 49. Kd6 f5 50. Kxe5 fxe4 51. Kxe4 Ke7 52. Ke5 g5 53. Kf5 Kd6 54. Kxg5 Kxd5 55. Kxh4 Ke6 56. Kg5 Kf7 57. Kh6 Kg8 58. Kg6 Kh8 59. h4 Kg8 1/2-1/2


[Site "https://www.chess.com"]

[Event "Titled Tuesday Blitz March 08 Early 2022"]
[White "Gubanov, Oleg"]
[Black "Ardila, Oscar Humberto"]
[WhiteFideId "14115115"]
[BlackFideId "4404742"]
[WhiteElo "2080"]
[BlackElo "1966"]
[Result "1-0"]
[Round "03"]
[TimeControl "180+1"]
[Date "2022.03.09"]
[WhiteClock "0:00:18"]
[BlackClock "0:00:07"]

1. e4 e5 2. Nf3 Nc6 3. Bb5 a6 4. Ba4 Nf6 5. d3 b5 6. Bb3 Be7 7. O-O O-O 8. a4 b4 9. c3 Rb8 10. Re1 d6 11. d4 Bg4 12. d5 Na5 13. Bc2 b3 14. Bd3 Qc8 15. Qe2 Ra8 16. Nbd2 c6 17. dxc6 Qxc6 18. h3 Bh5 19. Nc4 Nxc4 20. Bxc4 Rfb8 21. Bg5 Ra7 22. a5 h6 23. Bxf6 Bxf6 24. Bd5 Qc5 25. g4 Bg6 26. Nd2 Rb5 27. Nxb3 Qc7 28. Bc4 Rb8 29. Nc1 Qc6 30. Bd5 Qc7 31. Nd3 Rb5 32. Nb4 Qc8 33. Bc4 Rxb4 34. cxb4 Rc7 35. Bxa6 Qb8 36. b5 Bh4 37. b6 Rc5 38. Bc4 Qc8 39. b3 Kh7 40. a6 Qc6 41. a7 Qxb6 42. a8=Q Rxc4 43. bxc4 Qb3 44. Ra3 Qb4 45. Qa4 Qb8 46. Rb3 Qc8 47. Qb5 h5 48. gxh5 Qxh3 49. Rxh3 1-0


[Site "https://www.chess.com"]

[Event "Titled Tuesday Blitz March 08 Early 2022"]
[White "Gulecyuz, Deniz"]
[Black "Yandarbiev, Ruslan"]
[WhiteFideId "30921341"]
[BlackFideId "4115023"]
[WhiteElo "1923"]
[BlackElo "2102"]
[Result "0-1"]
[Round "03"]
[TimeControl "180+1"]
[Date "2022.03.09"]
[WhiteClock "0:00:47"]
[BlackClock "0:02:15"]

1. Nf3 Nf6 2. g3 g6 3. Bg2 Bg7 4. c4 O-O 5. O-O d6 6. Nc3 Nbd7 7. d4 e5 8. e3 c6 9. b4 a5 10. b5 Re8 11. a4 e4 12. Nd2 d5 13. Ba3 Nf8 14. Rb1 Bg4 15. Qc2 Qd7 16. Nb3 Ne6 17. h3 Bf3 18. Nd2 Ng5 19. g4 Nxg4 20. hxg4 Qxg4 0-1


[Site "https://www.chess.com"]

[Event "Titled Tuesday Blitz March 08 Early 2022"]
[White "Guseva, Marina"]
[Black "Jakubowski, Krzysztof"]
[WhiteFideId "4149351"]
[BlackFideId "1112848"]
[WhiteElo "2160"]
[BlackElo "2365"]
[Result "1/2-1/2"]
[Round "03"]
[TimeControl "180+1"]
[Date "2022.03.09"]
[WhiteClock "0:00:06"]
[BlackClock "0:00:07"]

1. d4 f5 2. c4 Nf6 3. g3 d6 4. Bg2 e5 5. dxe5 dxe5 6. Qxd8+ Kxd8 7. Nf3 Nbd7 8. Nc3 c6 9. Bd2 Bd6 10. e4 Nc5 11. Ng5 Ke7 12. exf5 Nd3+ 13. Ke2 Nxb2 14. Nge4 Bxf5 15. c5 Bc7 16. Rab1 Nc4 17. Rxb7 Rhc8 18. Nd6 Nxd6 19. cxd6+ Kxd6 20. Na4 Nd5 21. Rc1 Rcb8 22. Nc5 Bb6 23. Bxd5 Bxc5 24. Rxb8 Rxb8 25. Bb3 Bd4 26. Be3 c5 27. f4 e4 28. Kd2 a5 29. Ke2 a4 30. Bxa4 Rb2+ 31. Rc2 Rb1 32. Rd2 Rh1 33. Bxd4 Rxh2+ 34. Bf2+ Ke7 35. Ke3 h5 36. Rd5 g6 37. Rxc5 h4 38. gxh4 Rh3+ 39. Ke2 Bg4+ 40. Ke1 Rh1+ 41. Kd2 Rh2 42. Ke3 Rh3+ 43. Kxe4 Bf5+ 44. Ke5 Rf3 45. Rc7+ Kd8 46. Bb6 Re3+ 47. Bxe3 Kxc7 48. Kf6 Kd6 49. h5 Kd5 50. hxg6 Ke4 51. Bc1 Bxg6 52. Kxg6 Kd3 53. f5 Kd4 54. f6 Kd5 55. f7 Ke6 56. f8=Q Ke5 57. Qb4 Kd5 58. Qc3 Ke6 59. Qc5 1/2-1/2


[Site "https://www.chess.com"]

[Event "Titled Tuesday Blitz March 08 Early 2022"]
[White "Hambleton, Aman"]
[Black "Kollars, Dmitrij"]
[WhiteFideId "2606577"]
[BlackFideId "12909572"]
[WhiteElo "2552"]
[BlackElo "2584"]
[Result "0-1"]
[Round "03"]
[TimeControl "180+1"]
[Date "2022.03.08"]
[WhiteClock "0:00:02"]
[BlackClock "0:01:41"]

1. d4 d5 2. Bf4 Nf6 3. e3 c5 4. c3 Nc6 5. Nd2 Bf5 6. Qb3 Qd7 7. Ngf3 c4 8. Qd1 e6 9. Nh4 Be4 10. f3 Bg6 11. e4 Be7 12. Nxg6 hxg6 13. Be3 e5 14. dxe5 Nxe5 15. exd5 Nxd5 16. Bf2 Qe6 17. Be2 Nd3+ 18. Kf1 Nxf2 19. Kxf2 Bc5+ 20. Ke1 Nf4 21. Ne4 Nxg2+ 22. Kd2 O-O-O+ 0-1


[Site "https://www.chess.com"]

[Event "Titled Tuesday Blitz March 08 Early 2022"]
[White "Hartikainen, Jarmo"]
[Black "Omelja, Artem"]
[WhiteFideId "503134"]
[BlackFideId "14119846"]
[WhiteElo "2118"]
[BlackElo "2382"]
[Result "0-1"]
[Round "03"]
[TimeControl "180+1"]
[Date "2022.03.09"]
[WhiteClock "0:00:09"]
[BlackClock "0:00:12"]

1. e4 c5 2. Nf3 e6 3. d4 cxd4 4. Nxd4 a6 5. Nc3 b5 6. g3 Bb7 7. Bg2 Nf6 8. a3 Qc7 9. O-O Bc5 10. Be3 O-O 11. Re1 d6 12. Qd2 Nbd7 13. h3 Rac8 14. f4 Nb6 15. b3 e5 16. Nde2 Bxe3+ 17. Qxe3 Rfe8 18. f5 d5 19. exd5 Nbxd5 20. Nxd5 Nxd5 21. Bxd5 Bxd5 22. Rac1 Bb7 23. Kh2 Qc6 24. Rg1 Qd7 25. c4 bxc4 26. f6 gxf6 27. Rxc4 Rxc4 28. bxc4 Rc8 29. Qc3 Qc6 30. Nc1 Qxc4 31. Qxc4 Rxc4 32. Ne2 Rc2 33. Re1 Bf3 34. Kg1 Rxe2 35. Rb1 Rg2+ 36. Kf1 Rxg3 37. Rb6 f5 38. Rxa6 e4 39. Ra8+ Kg7 40. Re8 Rxh3 41. Kf2 Rh1 42. Ke3 Ra1 43. Kf4 Kf6 44. Rh8 Kg6 45. Rg8+ Kf6 46. Rh8 Kg7 47. Rc8 Rxa3 48. Rc5 h5 49. Rxf5 Kg6 50. Rg5+ Kf6 51. Rf5+ Ke6 52. Rg5 f6 53. Rg6 Bg4 54. Rg8 e3 55. Re8+ Kf7 56. Rxe3 Rxe3 57. Kxe3 Kg6 58. Kf4 f5 0-1


[Site "https://www.chess.com"]

[Event "Titled Tuesday Blitz March 08 Early 2022"]
[White "Havanecz, Bianka"]
[Black "Goltseva, Ekaterina"]
[WhiteFideId "704814"]
[BlackFideId "24173770"]
[WhiteElo "2382"]
[BlackElo "2140"]
[Result "0-1"]
[Round "03"]
[TimeControl "180+1"]
[Date "2022.03.09"]
[WhiteClock "0:00:02"]
[BlackClock "0:01:30"]

1. d4 Nf6 2. c4 e6 3. Nc3 d5 4. Nf3 a6 5. e3 dxc4 6. Bxc4 b5 7. Bd3 Bb7 8. O-O Nbd7 9. e4 c5 10. Bg5 cxd4 11. Nxd4 Be7 12. Nf3 b4 13. Na4 Nxe4 14. Bxe4 Bxe4 15. Bxe7 Qxe7 16. Rc1 O-O 17. Rc7 Rad8 0-1


[Site "https://www.chess.com"]